 Dungeon Crawl Stone Soup version 0.17.2-1-ge4368a0 (webtiles) character file.

174 Goblin1989 the Insei (level 5, 0/39 HPs)
             Began as a Vampire Monk on Oct 13, 2016.
             Slain by an ogre
             ... wielding a +0 giant club
              (32 damage)
             ... on level 4 of the Dungeon.
             The game lasted 00:06:06 (2216 turns).

Goblin1989 the Insei (Vampire Monk)                 Turns: 2216, Time: 00:06:06

Health: 0/39       AC:  2    Str: 11    XL:     5   Next: 28%
Magic:  5/5        EV: 13    Int: 13    God:
Gold:   91         SH:  0    Dex: 16    Spells: 0 memorised, 4 levels left

rFire  . . .     SeeInvis +       - Unarmed
rCold  . . .     Clarity  .     a - +0 robe
rNeg   . . .     SustAt   .     (no shield)
rPois  .         Gourm    .     (no helmet)
rElec  .         Spirit   .     (no cloak)
rCorr  .         Warding  .     (no gloves)
rMut   .         Stasis   .     (no boots)
MR     .....                    (no amulet)
Stlth  +++.......               (no ring)
                                (no ring)

@: regenerating quickly, not resistant to hostile enchantments, fairly stealthy
A: fangs 3, see invisible, unbreathing
a: no special abilities


You were on level 4 of the Dungeon.
You were very full.

You visited 1 branch of the dungeon, and saw 4 of its levels.

You collected 91 gold pieces.

Inventory:

Armour
 a - a +0 robe (worn)
Scrolls
 c - 6 scrolls of identify {unknown}
 f - a scroll of amnesia {unknown}
 g - a scroll of enchant armour {unknown}
 h - a scroll of enchant weapon {unknown}
 j - 2 scrolls of remove curse {unknown}
Potions
 b - 2 potions of curing {unknown}
 d - 2 potions of agility {unknown}
 e - a potion of flight {unknown}
 i - a potion of brilliance {unknown}
 q - 4 potions of blood


   Skills:
 - Level 2.6 Fighting
 - Level 3.2 Dodging
 - Level 3.0 Stealth
 + Level 7.3 Unarmed Combat


You had 4 spell levels left.
You didn't know any spells.

Dungeon Overview and Level Annotations

Branches:
Dungeon (4/15)
 Temple: D:4-7

Altars:
Ashenzari
Zin
The Shining One

Annotations:
D:3 Sigmund
D:4 exclusion: Dowan, Dowan


Innate Abilities, Weirdness & Mutations

Your natural rate of healing is unusually fast.
You have razor-sharp teeth.
You have supernaturally acute eyesight.
You can survive without breathing.


Message History

Dowan, Brother of Duvessa comes into view.
He is wielding a dagger.
You open the door.
Found 2 scrolls labeled GAT FEONIE.
There is an open door here.
j - a scroll labeled GAT FEONIE
j - 2 scrolls labeled GAT FEONIE (gained 1)
You open the door.
There is an open door here.
You open the door.
There is an open door here.
An ogre comes into view. It is wielding a giant club.
Drink which item? (? for menu, Esc to quit)
Okay, then.
The ogre hits you with a giant club!
You take 7 damage, and have 32/39 hp.
You hit the ogre.
The ogre is lightly wounded.
The ogre hits you with a giant club!!
Ouch! That really hurt!
You die... ਜਜਜਜਜਜਜਜਜ

ਜ.......ਜ
ਜ.......ਜ
ਜ.......ਜ
ਜ.......ਜ
ਜ......Oਜ
ਜ......@ਜ
.ਜਜਜਜ.......ਜ
............ਜ
............ਜ
............ਜ
............ਜ
ਜਜ.....ਜਜਜਜਜ
ਜ.....ਜ
▲.....ਜ


You could see an ogre.

Vanquished Creatures
  A black bear (D:4)
  A hound skeleton (D:4)
  3 adders (D:2)
  6 bats
  A giant cockroach (D:1)
  6 goblins
  3 hobgoblins
  9 jackals (D:1)
  3 giant newts
  6 kobolds
  7 rats
46 creatures vanquished.

Notes
Turn   | Place    | Note
--------------------------------------------------------------
     0 | D:1      | Goblin1989 the Vampire Monk began the quest for the Orb.
     0 | D:1      | Reached XP level 1. HP: 17/17 MP: 1/1
   318 | D:1      | Reached XP level 2. HP: 21/23 MP: 2/2
   501 | D:1      | Reached skill level 5 in Unarmed Combat
  1163 | D:2      | Found a shattered altar of Ashenzari.
  1176 | D:2      | Reached XP level 3. HP: 23/28 MP: 3/3
  1641 | D:2      | Reached skill level 6 in Unarmed Combat
  1644 | D:2      | Reached XP level 4. HP: 20/34 MP: 4/4
  1887 | D:2      | Found a glowing golden altar of the Shining One.
  1952 | D:3      | Noticed Sigmund
  1962 | D:4      | Noticed a black bear
  1970 | D:4      | Killed a black bear
  1970 | D:4      | Reached skill level 7 in Unarmed Combat
  1970 | D:4      | Reached XP level 5. HP: 3/39 MP: 5/5
  2143 | D:4      | Found a glowing silver altar of Zin.
  2159 | D:4      | Noticed Dowan
  2210 | D:4      | Noticed an ogre
  2216 | D:4      | Slain by an ogre

Action                   |  1- 3 |  4- 6 || total
-------------------------+-------+-------++-------
Melee: Unarmed           |   124 |    18 ||   142
  Use: Potion            |    11 |     4 ||    15
 Stab: Sleeping          |     2 |     1 ||     3

Vault maps used:
D:1:      evilmike_arrival_crescent, kennysheep_flooded_box
D:2:      lemuel_crystal_altar, old_standard_altar, minmay_unequal
D:3:      minmay_goblin_kobold_castle, lemuel_round_altar, first_bread,
          trog_three_pillars_becter, uniq_jessica, uniq_sigmund
D:4:      zin_statuary, uniq_duvessa
